cohdb
Replays
Latest Replays
All Replays
Popular Replays
Top Player Replays
Match Explorer
How It Works
Community
CoH3 Stats
Reddit
Sign in to upload your games and track your stats! →
Sign in with Steam
Match 43852247
Unlisted
Match 43852247
Overview
Messages
Build Orders
End
Kradschützen Motorcycle Team
Selects Italian Combined Arms Battlegroup
Selects Bersaglieri Squad
Bersaglieri Squad
Bersaglieri Squad
Panzerpioneer Squad
Bersaglieri Squad
Selects Bersaglieri Bolster
Construct Light Support Kompanie
Fire Support Elements
Flakvierling Half-track
Pak 38 Mechanized Group
Construct Panzerarmee Kommand
Selects Semovente da 75/18 Assault Gun
Selects Strafing Run
Emergency Repair Kits
Selects Pact of Steel
Walking Stuka Rocket Launcher
Armored Reserves
Pak 38 Mechanized Group
Vehicle Survival Package
Strafing Run
Tiger Heavy Tank
Advanced Optics
Selects Vehicle Support - Force Recon
Rapid Advance
Bersaglieri Squad
Walking Stuka Rocket Launcher
MrGlaucus
Discoverer
Kampfstärke
ultimatron
0
0
Comments
sign in to comment!
No comments posted yet!